 Dungeon Crawl Stone Soup version 0.31.0-7-gf635a9b802 (webtiles) character file.

Game seed: 2536490314597786581

74621 croobank the Dealer of Despair (level 15, -5/120 HPs)
             Began as a Felid Summoner on Jan 23, 2024.
             Was an Elder of Kikubaaqudgha.
             Slain by a warg (14 damage)
             ... led by an orc high priest
             ... on level 1 of the Orcish Mines on Jan 24, 2024.
             The game lasted 02:12:54 (29436 turns).

croobank the Dealer of Despair (Felid Summoner)    Turns: 29436, Time: 02:12:55

Health: -5/120     AC: 27    Str:  6    XL:     15   Next: 7%
Magic:  30/30      EV:  4    Int: 36    God:    Kikubaaqudgha [****..]
Gold:   3073       SH:  5    Dex: 17    Spells: 2/35 levels left
                                        Lives:  0   Deaths: 5

rFire   . . .        (weapon unavailable)
rCold   . . .        (shield unavailable)
rNeg    . . .        (body armour unavailable)
rPois   +            (helmet unavailable)
rElec   .            (cloak unavailable)
rCorr   .            (gloves unavailable)
SInv    +            (boots unavailable)
Will    ++...        e - amulet of reflection
Stlth   +++++        m - +6 ring of intelligence
HPRegen 0.40/turn    y - +6 ring of intelligence
MPRegen 0.22/turn

%: reflection
@: tree-form, animating dead, unable to call your familiar
A: stationary, stasis, torment immunity, boosted hp, very small, (claws 1),
(fangs 3), see invisible, (shaggy fur 3), (stealthy paws), no weapons or thrown
items, no armour, multi-lived
a: Renounce Religion, Unearth Wretches


You were on level 1 of the Orcish Mines.
You worshipped Kikubaaqudgha.
Kikubaaqudgha was greatly pleased with you.
You were a tree.
You visited 4 branches of the dungeon, and saw 21 of its levels.
You also visited: Bailey and Ice Cave.

You collected 3253 gold pieces.
You spent 180 gold pieces at shops.

Inventory:

Jewellery
 e - an amulet of reflection (around neck)
 f - a +6 ring of dexterity
 m - a +6 ring of intelligence (left branch)
 s - a +6 ring of dexterity
 y - a +6 ring of intelligence (right branch)
Talismans
 j - a beast talisman (active)
 z - a storm talisman
Wands
 c - a wand of digging (3)
 l - a wand of light (27)
 n - a wand of charming (14)
 q - a wand of iceblast (18)
 B - a wand of flame (5)
Scrolls
 d - a scroll of torment
 g - 5 scrolls of noise
 o - 3 scrolls of fog
 u - 3 scrolls of teleportation
 v - 9 scrolls of identify
 w - 2 scrolls of poison
 x - a scroll of amnesia
 A - a scroll of immolation
Potions
 a - a potion of magic
 h - a potion of cancellation
 k - 2 potions of attraction
 r - 2 potions of ambrosia
 t - 3 potions of mutation
Miscellaneous
 i - a lightning rod (4/4)
 G - a condenser vane


   Skills:
 - Level 10.0 Fighting
 - Level 10.0 Dodging
 - Level 10.0 Stealth
 + Level 10.7 Spellcasting
 + Level 10.8 Summonings
 * Level 15.5 Necromancy
 - Level 5.0 Fire Magic
 - Level 7.0 Air Magic


You had 2 spell levels left.
You knew the following spells:

 Your Spells              Type           Power      Damage    Failure   Level
a - Summon Small Mammal   Summ           100%       N/A       1%          1
b - Call Imp              Summ           100%       N/A       1%          2
c - Call Canine Familiar  Summ           77%        N/A       1%          3
d - Summon Blazeheart Go  Fire/Summ      66%        N/A       1%          4
e - Summon Lightning Spi  Summ/Air       70%        N/A       1%          4
A - Animate Dead          Necr           92%        N/A       1%          4
H - Haunt                 Necr/Summ      42%        N/A       9%          7
M - Martyr's Knell        Necr/Summ      85%        N/A       1%          4
N - Anguish               Hex/Necr       33%        N/A       1%          4

Your spell library contained the following spells:

 Spells                   Type           Power      Damage    Failure   Level
 Necrotise                Necr           100%       1d9       0%          1
 Sublimation of Blood     Necr           92%        N/A       0%          2
 Kiss of Death            Conj/Necr      100%       2d13      1%          1
 Freeze                   Ice            76%        1d8       2%          1
 Ensorcelled Hibernation  Hex/Ice        38%        N/A       3%          2
 Fugue of the Fallen      Necr           92%        N/A       0%          3
 Swiftness                Air            62%        N/A       1%          3
 Dispel Undead            Necr           92%        3d29      1%          4
 Borgnjor's Vile Clutch   Necr/Erth      33%        N/A       2%          5
 Confusing Touch          Hex            19%        N/A       6%          3
 Frozen Ramparts          Ice            38%        1d6       6%          3
 Hailstorm                Conj/Ice       19%        3d7       6%          3
 Passwall                 Erth           19%        N/A       6%          3
 Cause Fear               Hex            9%         N/A       22%         4
 Olgreb's Toxic Radiance  Alch           19%        N/A       22%         4
 Fireball                 Conj/Fire      18%        3d9       22%         5
 Borgnjor's Revivificati  Necr           46%        N/A       24%         8
 Infestation              Necr           46%        N/A       24%         8
 Iskenderun's Battlesphe  Conj           19%        2d7       52%         5
 Spellforged Servitor     Conj/Summ      27%        N/A       89%         7
 Bombard                  Conj/Erth      9%         9d2       97%         6
 Death's Door             Necr           46%        N/A       98%         9
 Ozocubu's Refrigeration  Ice            9%         4d9       100%        7
 Discord                  Hex            9%         N/A       100%        8
 Dragon's Call            Summ           38%        N/A       100%        9


Dungeon Overview and Level Annotations

Branches:
Dungeon (13/15)            Temple (1/1) D:5            Lair (5/5) D:10
  Swamp (0/4) Lair:3       Spider (0/4) Lair:3        Slime (0/5) Lair:5
    Orc (2/2) D:10            Elf (0/3) Orc:2        Vaults (0/5) D:13
 Bailey (visited)           IceCv (visited)

Altars:
Ashenzari
Cheibriados
Dithmenos
Elyvilon
Fedhas
Gozag
Hepliaklqana
Kikubaaqudgha
Makhleb
Nemelex Xobeh
Okawaru
Qazlal
Ru
Sif Muna
Trog
Uskayaw
Vehumet
Wu Jian
Xom
Yredelemnul
Zin
The Shining One
Jiyva

Shops:
D:6 *   D:7 =   D:10 *

Portals:
Trove: D:11 (show slimy rune of Zot)

Annotations:
D:12 exclusion: 2 downstairs
D:13 !circle of death, Urug
Lair:2 2 transporters, mrw3rdna's ghost, journeyman SpAl
Lair:3 1 runed translucent door, Feulaj's ghost, journeyman MiBe


Innate Abilities, Weirdness & Mutations

You are a tree.
Your roots penetrate the ground, keeping you stationary.
You cannot be teleported.
You are immune to unholy pain and torment.
Your maximum health is greatly increased.
((You have sharp claws.))
((You have razor-sharp teeth.))
You have supernaturally acute eyesight. (SInv)
((Your thick and shaggy fur keeps you warm. (AC +3, rC+)))
((Your paws help you pounce on unaware monsters.))
You are incapable of wielding weapons or throwing items.
You cannot wear armour.
You gain extra lives every three experience levels.


Message History

The orc priest is wracked by anguish.
The orc closely misses you. The orc misses you.
The orc high priest hits your ogre zombie with a +0 dire flail!
The orc high priest is wracked by anguish!
The orc wizard casts a spell at you.
Your cerulean imp appears confused.
Your ogre zombie hits the rust devil.
The warg misses you. The rust devil misses you.
Your orc warrior zombie hits the orc.
Your cerulean imp misses the orc priest.
The orc barely misses you.
The orc priest invokes the aid of Beogh against you.
Beogh smites you!
* * * LOW HITPOINT WARNING * * *
The orc priest is wracked by anguish!
The orc priest dies!
Kikubaaqudgha accepts your kill.
The dead are walking!
The warg misses you.
The orc hits your orc warrior zombie with a +0 hand axe!
The orc hits your kobold blastminer zombie with a +0 hand axe.
The orc hits your ogre zombie with a +0 hand axe.
The orc is wracked by anguish!
The orc dies!
Kikubaaqudgha accepts your kill.
The dead are walking!
The orc wizard hits your cerulean imp with a +0 dagger.
The orc wizard is wracked by anguish.
The orc high priest hits your ogre zombie with a +0 dire flail!
The orc high priest is wracked by anguish!
The orc barely misses you.
Your orc warrior zombie hits the rust devil but does no damage.
Your cerulean imp hits your orc zombie with a +1 spear!
Your orc zombie is destroyed!
The rust devil barely misses your orc warrior zombie.
Your transformation has ended.
You turn into a tree.
Your roots penetrate the ground.
You feel less invigorated.
You feel less confused. The warg bites you!
You die...
Kikubaaqudgha rasps: "You have failed me!
Welcome... death!"

.#.#............
.................
..#..............
. #...............
..#.............##
.........o.......#
........Z.......##
......ho4Z>......#
...#..♣oZ.......#
####)Z5.......
##.)oZ.....
#.........
..$.o.....
....#.....
#....#..... ##$...
...


You could see an orc high priest (ally target, anguished), a rust devil
(summoned, ally target), a warg (ally target), an orc warrior (anguished), an
orc wizard (ally target, anguished), 2 orcs, a friendly cerulean imp (summoned,
confused), 2 friendly orc warrior zombies, a friendly orc priest zombie, a
friendly ogre zombie and a friendly kobold blastminer zombie.

Vanquished Creatures
  A minotaur (Lair:1)
  3 hydras
  3 two-headed ogres
  8 death yaks
  2 skeletal warriors (D:11)
  Lodul (D:12)
  A lindwurm (Lair:3)
  An orc knight (Orc:2)
  A kobold blastminer (Orc:2)
  An elephant (Lair:4)
  2 black mambas
  Maggie (Lair:2)
  2 gargoyles
  2 cane toads (Lair:1)
  An unseen horror (D:7)
  6 komodo dragons
  5 death yak zombies
  10 rime drakes
  A hornet (D:7)
  2 trolls
  2 blink frogs (Lair:3)
  7 slime creatures (D:12)
  A shadow (D:12)
  A vampire (D:11)
  A wraith (D:12)
  22 yaks
  A water elemental (D:11)
  7 wyverns
  5 basilisks
  4 vampire mosquitoes (D:12)
  A warg (Orc:2)
  A death yak simulacrum (IceCv)
  A hydra simulacrum (IceCv)
  A water moccasin (Lair:4)
  11 orc warriors
  2 ice beasts (IceCv)
  An elephant zombie (Lair:4)
  3 ogres (D:12)
  2 blink frog zombies
  A manticore zombie (Lair:5)
  5 wolves
  A centaur (D:9)
  A water moccasin zombie (Lair:1)
  3 wights
  4 yak zombies
  2 polar bear zombies
  8 killer bees
  6 electric eels
  A howler monkey (D:9)
  A bombardier beetle (D:6)
  An orc priest (D:10)
  A jelly (D:5)
  An iguana (D:7)
  An orc wizard (Orc:2)
  A hell rat (Lair:3)
  2 gnolls
  An adder (D:4)
  A white imp (D:8)
  A dart slug (D:1)
  A ribbon worm (D:2)
  4 orcs
  2 endoplasms (D:3)
  6 goblins
  3 hobgoblins
  A quokka (D:1)
  2 ball pythons
  A bat (D:1)
  A rat (D:1)
192 creatures vanquished.

Vanquished Creatures (collateral kills)
  2 hydras
  2 catoblepae (Lair:5)
  A two-headed ogre (Orc:1)
  14 death yaks
  An orc high priest (Bailey)
  A skyshark (Lair:2)
  A skeletal warrior (D:11)
  2 bog bodies (Lair:3)
  Pikel (D:6)
  An orc sorcerer (Orc:2)
  2 oklob plants
  A deep elf pyromancer (D:12)
  A cyclops (D:11)
  A kobold blastminer (Orc:1)
  2 manticores
  2 elephants (Lair:4)
  2 torpor snails (Lair:4)
  3 black mambas
  6 cane toads
  An unseen horror (D:11)
  A kobold demonologist (Bailey)
  2 rime drakes
  7 komodo dragons
  A freezing wraith (IceCv)
  2 trolls
  3 polar bears
  17 blink frogs
  3 dream sheep (Lair:4)
  3 slime creatures (D:12)
  A spriggan (Lair:1)
  A water elemental (D:11)
  3 wyverns
  A shadow (D:11)
  2 wraiths
  29 yaks
  3 vampire mosquitoes (D:6)
  7 basilisks
  3 steam dragons
  A warg (Orc:2)
  An acid dragon (D:9)
  8 water moccasins
  A hydra simulacrum (IceCv)
  14 orc warriors
  2 ice beasts
  2 black bears
  11 ogres
  7 wolves
  5 centaurs
  A kobold brigand (D:8)
  2 nameless horrors
  9 bullfrogs
  A gnoll sergeant (D:12)
  7 wights
  9 killer bees
  An elephant simulacrum (IceCv)
  An electric eel (D:11)
  4 howler monkeys
  A gnoll bouda (D:8)
  2 bombardier beetles (D:5)
  3 hounds
  11 orc priests
  A jelly (D:6)
  Jessica (D:2)
  2 sleepcaps
  2 hell rats (Lair:3)
  2 iguanas
  11 orc wizards
  2 polar bear simulacra (IceCv)
  9 gnolls
  10 adders
  A white imp (D:7)
  2 ufetubi (D:6)
  4 dart slugs
  65 orcs
  A bat (D:3)
  7 endoplasms
  2 giant cockroaches (D:1)
  8 goblins
  4 hobgoblins
  A quokka (D:1)
  5 ball pythons
  6 frilled lizards
  7 kobolds
  3 orc zombies
  5 rats
401 creatures vanquished.

Vanquished Creatures (others)
  A catoblepas (Lair:5)
  An ogre mage (Orc:2)
  A death yak (Lair:5)
  An orb spider (Lair:3)
  A manticore (Lair:5)
  A kobold blastminer (Orc:1)
  3 death yak zombies
  8 rime drakes
  2 hydra zombies
  A polar bear (IceCv)
  3 wyverns
  6 yaks
  A basilisk (Lair:3)
  2 ogre zombies (Orc:2)
  A cane toad zombie (Lair:5)
  2 orc warriors (Orc:1)
  4 ice beasts (IceCv)
  A lindwurm zombie (Lair:3)
  A manticore zombie (Lair:5)
  4 blink frog zombies
  2 elephant zombies (Lair:4)
  An ogre (Orc:1)
  A centaur (D:6)
  13 rime drake zombies (IceCv)
  3 komodo dragon zombies
  3 wyvern zombies
  2 warg zombies (Orc:2)
  4 water moccasin zombies
  A polar bear zombie (IceCv)
  18 yak zombies
  2 wolf zombies (Lair:2)
  A basilisk zombie (Lair:4)
  A bullfrog zombie (Lair:3)
  2 orc priests
  A human zombie (Lair:2)
  6 ice beast zombies (IceCv)
  A hell rat zombie (Lair:3)
  13 orc zombies
  An orc (Orc:1)
  97 blazeheart cores
218 creatures vanquished.

Grand Total: 811 creatures vanquished

Notes
Turn   | Place    | Note
-------+----------+-------------------------------------------
     0 | D:1      | croobank the Felid Summoner began the quest for the Orb.
     0 | D:1      | Reached XP level 1. HP: 9/9 MP: 4/4
   230 | D:1      | Found a faded altar of an unknown god.
   318 | D:1      | Reached XP level 2. HP: 13/13 MP: 6/6
   334 | D:1      | Learned a level 2 spell: Call Imp
   979 | D:2      | Reached XP level 3. HP: 11/16 MP: 2/7
  1086 | D:2      | Identified the +1 plate armour of Sharp Surprise {Str+7}
  1534 | D:2      | Noticed Jessica
  1541 | D:2      | Killed Jessica
  1542 | D:2      | Reached XP level 4. HP: 21/21 MP: 3/8
  1542 | D:2      | Gained a life (2 lives remaining)
  1860 | D:3      | Identified the +2 steam dragon scales "Uteir" {rPois rF+
                  | Dex+3}
  2026 | D:3      | Learned a level 3 spell: Call Canine Familiar
  2221 | D:3      | Reached XP level 5. HP: 24/24 MP: 4/10
  2226 | D:3      | Learned a level 4 spell: Summon Blazeheart Golem
  3008 | D:4      | Found a glowing golden altar of the Shining One.
  3008 | D:4      | Found a hazy altar of Hepliaklqana.
  3008 | D:4      | Found a sacrificial altar of Ru.
  3103 | D:4      | Noticed a steam dragon
  3230 | D:4      | Reached skill level 1 in Fighting
  3230 | D:4      | Reached skill level 5 in Stealth
  3230 | D:4      | Gained mutation: You are covered in thick fur. (AC +2)
                  | [Felid growth]
  3230 | D:4      | Reached XP level 6. HP: 18/30 MP: 2/11
  3595 | D:5      | Entered Level 5 of the Dungeon
  3925 | D:4      | Killed from afar by a steam dragon
  3925 | D:4      | Lost a life (1 life remaining)
  3925 | D:4      | Killed a steam dragon
  3926 | D:4      | Reached skill level 5 in Summonings
  3926 | D:4      | Reached skill level 1 in Fire Magic
  3974 | D:5      | Reached skill level 5 in Dodging
  3988 | D:5      | Reached XP level 7. HP: 34/34 MP: 3/13
  3988 | D:5      | Gained a life (2 lives remaining)
  4213 | D:5      | Found a staircase to the Ecumenical Temple.
  4364 | Temple   | Entered the Ecumenical Temple
  4379 | Temple   | Became a worshipper of Kikubaaqudgha
  4954 | D:6      | Reached XP level 8. HP: 39/39 MP: 5/15
  5339 | D:6      | Noticed Pikel
  5354 | D:6      | Killed Pikel
  5355 | D:6      | Reached skill level 5 in Spellcasting
  5355 | D:6      | Reached XP level 9. HP: 45/45 MP: 10/17
  5374 | D:6      | Reached * piety under Kikubaaqudgha
  5374 | D:6      | Received a gift from Kikubaaqudgha
  5381 | D:6      | Learned a level 4 spell: Summon Lightning Spire
  5593 | D:6      | Found Umuwkan's Serpentskin Sales.
  5852 | D:7      | Learned a level 4 spell: Animate Dead
  5875 | D:7      | Reached skill level 1 in Air Magic
  6345 | D:7      | Found Ogeaxach's Jewellery Emporium.
  6415 | D:7      | Reached ** piety under Kikubaaqudgha
  6699 | D:7      | Noticed an unseen horror
  6722 | D:7      | Killed an unseen horror
  6723 | D:7      | Reached skill level 5 in Fighting
  7419 | D:8      | Found a flagged portal.
  7453 | Bailey   | Entered a bailey
  7737 | Bailey   | Reached XP level 10. HP: 51/51 MP: 14/19
  8235 | Bailey   | Noticed an orc high priest
  8241 | Bailey   | Noticed a rust devil
  8251 | Bailey   | Killed from afar by an orc high priest
  8251 | Bailey   | Lost a life (1 life remaining)
  8423 | Bailey   | Noticed an orc knight
  8462 | Bailey   | HP: 2/51 [spore (36)]
  8473 | Bailey   | Slain by an orc
  8473 | Bailey   | Lost a life (0 lives remaining)
  8474 | Bailey   | Found an iron altar of Okawaru.
  8511 | Bailey   | Killed an orc high priest
  8607 | Bailey   | Acquired 957 gold pieces
  9452 | D:8      | Reached *** piety under Kikubaaqudgha
  9452 | D:8      | Received a gift from Kikubaaqudgha
 10110 | D:9      | Reached skill level 5 in Fire Magic
 10127 | D:9      | Reached skill level 1 in Necromancy
 10477 | D:8      | Reached skill level 2 in Necromancy
 10634 | D:9      | Noticed a two-headed ogre
 10652 | D:9      | Killed a two-headed ogre
 10668 | D:9      | Reached skill level 5 in Air Magic
 10668 | D:9      | Reached XP level 11. HP: 40/56 MP: 7/21
 10668 | D:9      | Gained a life (1 life remaining)
 10775 | D:9      | Reached skill level 10 in Stealth
 10798 | D:9      | Reached skill level 3 in Necromancy
 11043 | D:9      | Noticed a two-headed ogre
 11046 | D:9      | Reached **** piety under Kikubaaqudgha
 11052 | D:9      | Killed a two-headed ogre
 11053 | D:9      | Reached skill level 4 in Necromancy
 11355 | D:10     | Entered Level 10 of the Dungeon
 11832 | D:10     | Found a staircase to the Orcish Mines.
 11894 | D:10     | Found a staircase to the Lair.
 11902 | D:10     | Reached skill level 10 in Dodging
 12187 | D:10     | Reached skill level 5 in Necromancy
 12607 | D:10     | Found Soaloung's General Store.
 12614 | D:10     | Bought a scroll of identify for 30 gold pieces
 12614 | D:10     | Bought a scroll of identify for 30 gold pieces
 12614 | D:10     | Bought a potion of attraction for 45 gold pieces
 12614 | D:10     | Bought a scroll of amnesia for 60 gold pieces
 12614 | D:10     | Bought a potion of degeneration for 15 gold pieces
 12741 | D:11     | Noticed a skeletal warrior
 12743 | D:11     | Noticed a skeletal warrior
 12746 | D:11     | Killed a skeletal warrior
 12786 | D:11     | Killed a skeletal warrior
 12850 | D:11     | Found a portal to a secret trove of treasure.
 12943 | D:11     | Noticed a skeletal warrior
 12951 | D:11     | Killed a skeletal warrior
 12952 | D:11     | Reached skill level 6 in Necromancy
 13270 | D:11     | Noticed a two-headed ogre
 13285 | D:11     | Killed a two-headed ogre
 13334 | D:11     | Gained mutation: Your thick and shaggy fur keeps you warm.
                  | (AC +3, rC+) [Felid growth]
 13334 | D:11     | Reached XP level 12. HP: 63/63 MP: 23/23
 13498 | D:11     | Reached ***** piety under Kikubaaqudgha
 14311 | D:12     | Reached skill level 7 in Necromancy
 14894 | D:12     | Noticed Lodul
 14907 | D:12     | Killed Lodul
 15984 | D:12     | Reached skill level 8 in Necromancy
 16321 | D:13     | Noticed Urug
 16321 | D:13     | Noticed a two-headed ogre
 16321 | D:13     | Noticed a centaur warrior
 16321 | D:13     | Noticed a boulder beetle
 16321 | D:13     | Found a gate to the Vaults.
 16395 | Lair:1   | Entered Level 1 of the Lair of Beasts
 17668 | Lair:1   | Found a runed translucent door.
 17857 | Lair:1   | Noticed a minotaur
 17864 | Lair:1   | Learned a level 4 spell: Anguish
 17876 | Lair:1   | Killed a minotaur
 17877 | Lair:1   | Reached skill level 9 in Necromancy
 18036 | Lair:2   | Noticed Maggie
 18046 | Lair:2   | Reached XP level 13. HP: 68/69 MP: 11/26
 18046 | Lair:2   | Gained a life (2 lives remaining)
 18046 | Lair:2   | Killed Maggie
 18465 | Lair:2   | Your ally Maggie died
 18870 | Lair:2   | Reached skill level 10 in Summonings
 18971 | Lair:2   | You fall into a shaft and drop 2 floors!
 19088 | Lair:4   | Reached ****** piety under Kikubaaqudgha
 19103 | Lair:4   | Reached skill level 10 in Necromancy
 19443 | Lair:4   | Reached skill level 11 in Necromancy
 20632 | Lair:4   | Reached skill level 10 in Fighting
 21130 | Lair:3   | Reached skill level 12 in Necromancy
 21130 | Lair:3   | Reached XP level 14. HP: 47/77 MP: 9/28
 21132 | Lair:3   | Received a gift from Kikubaaqudgha (forbidden knowledge)
 21135 | Lair:3   | Reached skill level 10 in Spellcasting
 21148 | Lair:3   | Learned a level 7 spell: Haunt
 21513 | Lair:3   | Found a staircase to the Swamp.
 21680 | Lair:3   | Reached skill level 13 in Necromancy
 22167 | Lair:3   | Found a hole to the Spider Nest.
 22335 | Lair:3   | Found a runed translucent door.
 22340 | Lair:3   | Noticed Feulaj's ghost (journeyman MiBe)
 22646 | Lair:2   | Found a bloodstained altar of Trog.
 22652 | Lair:2   | Noticed mrw3rdna's ghost (journeyman SpAl)
 22665 | Lair:2   | Found a transporter.
 22697 | Lair:2   | Found a transporter.
 23990 | Lair:2   | Reached skill level 14 in Necromancy
 24230 | Lair:5   | Entered Level 5 of the Lair of Beasts
 24282 | Lair:4   | Learned a level 4 spell: Martyr's Knell
 24316 | Lair:5   | Found a frozen archway.
 24367 | IceCv    | Entered an ice cave
 24394 | IceCv    | Found a transporter.
 24406 | IceCv    | Found a transporter.
 24444 | IceCv    | Engulfed by an ice statue's freezing vapour
 24444 | IceCv    | Lost a life (1 life remaining)
 25246 | Lair:5   | Found a viscous altar of Jiyva.
 25456 | Lair:5   | Found a staircase to the Slime Pits.
 25914 | Lair:5   | Slain by a death yak
 25914 | Lair:5   | Lost a life (0 lives remaining)
 26547 | Lair:5   | Reached skill level 15 in Necromancy
 28453 | Orc:1    | Entered Level 1 of the Orcish Mines
 28530 | Orc:1    | Reached XP level 15. HP: 35/80 MP: 6/30
 28898 | Orc:2    | Entered Level 2 of the Orcish Mines
 29090 | Orc:2    | Found a staircase to the Elven Halls.
 29435 | Orc:1    | HP: 2/80 [orc priest/divine providence (14)]
 29436 | Orc:1    | Slain by a warg

Illustrated notes

Levels and vault maps discovered:
D:1:      giann_horns, layout_rooms, shapermc_ecumenical_altar_flowoftime
D:2:      layout_basic, hangedman_feature_mirror, minmay_misc_feat_roman,
          uniq_jessica
D:3:      layout_basic
D:4:      layout_rooms, gammafunk_temple_overflow_forgotten,
          serial_co_window_serial, co_window_paths_b,
          co_window_of_opportunity_a, co_window_corner_a, co_window_paths_a,
          co_window_corner_a, co_window_paths_c, co_window_2corner,
          co_window_broadway_b, co_window_broadway_b, co_window_corner_cb,
          co_window_4corner_a, glass_columns_c, glass_columns_a,
          small_statue_intersection
D:5:      layout_loops_ring, minmay_temple_entry_glassed_door, dk_noncrumbling_2
D:6:      layout_basic, guppyfry_shop_venom, uniq_pikel
D:7:      layout_gridville, serial_shops, nicolae_shop_just_a_little_nook,
          minmay_chambers_of_fives
D:8:      layout_basic, enter_bailey_2, dk_noncrumbling_3
D:9:      layout_basic
D:10:     layout_loops_ring, lair_entry_dummy, david_orc_5, serial_shops,
          nicolae_shop_crystal
D:11:     layout_basic, enter_trove_0
D:12:     layout_roguey, special_room [special_room_orc], uniq_lodul
D:13:     layout_basic, david_vaults_3, gammafunk_ghost_fury_of_okawaru
Temple:   hellmonk_temple_of_storms
Lair:1:   dreamdust_labyrinth, layout_cave_pods, grunt_forest_large_clearing_hut
Lair:2:   layout_cave_pods, gammafunk_ghost_wrathful_warriors,
          infiniplex_staircase_pool, grunt_megastairs_3, lemuel_fruit_tree,
          uniq_maggie
Lair:3:   layout_cave_pods, skrybe_swamp_entry_bodies,
          nicolae_spider_entry_orb_guardian, ebering_ghost_inner_flame,
          special_room [special_room_mythical_zoo], serial_bayou_shore_b
Lair:4:   layout_regular_city, kennysheep_basilisk_garden
Lair:5:   evilmike_catoblepas_cave, layout_cave_pods,
          minmay_slime_entry_oklob_enclosed, portal_ice_cave_entry_pillars_1
Orc:1:    layout_caves, hangedman_feature_mirror
Orc:2:    grunt_orc_community_town_hall, layout_caves,
          grunt_orc_community_big_house_1, grunt_orc_community_big_house_1,
          grunt_orc_community_house_2, grunt_orc_community_house_3,
          grunt_orc_community_house_3, grunt_orc_community_house_3,
          grunt_orc_community_house_2, grunt_orc_community_house_1,
          regret_index_minedec_devilstone, uniq_rupert

Skill      XL: |  1  2  3  4  5  6  7  8  9 10 11 12 13 14 |
---------------+-------------------------------------------+-----
Stealth        | 3 4 5 6 7 8 9 10 | 10.0
Dodging        | 3 4 5 7 8 9 10 | 10.0
Spellcasting   | 3 4 5 6 7 8 9 10 | 10.7
Fighting       | 1 2 4 5 6 7 8 10 | 10.0
Summonings     | 5 6 7 8 9 10 | 10.8
Fire Magic     | 1 2 3 4 5 |  5.0
Air Magic      | 3 5 6 7 |  7.0
Necromancy     | 2 6 9 12 15 | 15.5

Action                     |  1- 3 |  4- 6 |  7- 9 | 10-12 | 13-15 || total
---------------------------+-------+-------+-------+-------+-------++-------
  Melee: Unarmed           |    47 |    37 |    35 |    58 |    55 ||   232
         Bite              |     4 |     4 |     6 |     6 |     6 ||    26
         Punch             |       |       |       |       |     1 ||     1
   Cast: Summon Small Mamm |    40 |    27 |    21 |     8 |    31 ||   127
         Call Imp          |    14 |    15 |    12 |     9 |    30 ||    80
         Call Canine Famil |       |     6 |    16 |    21 |    29 ||    72
         Summon Blazeheart |       |     4 |    18 |   102 |    44 ||   168
         Summon Lightning  |       |       |     7 |    47 |    65 ||   119
         Animate Dead      |       |       |       |     7 |    28 ||    35
         Anguish           |       |       |       |     1 |    15 ||    16
         Haunt             |       |       |       |       |    11 ||    11
         Martyr's Knell    |       |       |       |       |     1 ||     1
 Invoke: Unearth Wretches  |       |       |       |       |    13 ||    13
         Receive Forbidden |       |       |       |       |     1 ||     1
  Evoke: Wand              |       |     1 |     4 |    21 |     2 ||    28
    Use: Potion            |       |     1 |     2 |     7 |     9 ||    19
         Scroll            |       |    14 |     7 |     8 |    11 ||    40
   Stab: Sleeping          |     3 |     5 |     1 |     4 |     1 ||    14
         Distracted        |     1 |       |       |     4 |     3 ||     8
         Paralysed         |       |       |       |       |    16 ||    16
 Armour: Skin              |     9 |    20 |    40 |    80 |    75 ||   224
  Dodge: Dodged            |    32 |    47 |    91 |   210 |   145 ||   525
  Block: Other             |       |     7 |    24 |    38 |    29 ||    98
         Reflection        |       |       |     2 |     2 |       ||     4
   Form: Beast             |       |       |     1 |       |       ||     1
